Map: Cyber Forest LE

Players

Benovak

  • Race: Protoss Protoss
  • League: Platinum
  • Spawn Location: 11:00

NutFalcon - Winner!

  • Race: Zerg Zerg
  • League: Diamond
  • Spawn Location: 5:00

VOD

Have the link to the VOD?

Description

Hello thanks for your time I shall wait patiently in queue

Time

  • Played on: Feb. 21, 2019, 4:52 p.m.
  • Length: 20:37
Show
View Real Time Build Order
Export as new Build Order

Benovak Protoss 

Build Orders: Chargelot Immortal 

Get SALT Encoding   

  12  0:00  Probe  
  13  0:12  Probe  
  14  0:17  Pylon  
  14  0:24  Probe  
  15  0:35  Probe  
  15  0:36  Gateway  
  16  0:43  Probe  
  17  0:53  Probe  
  18  1:00  Assimilator  
  18  1:05  Probe  
  18  1:10  Pylon  
  19  1:17  Probe  
  20  1:23  Cybernetics Core  
  20  1:26  Zealot  
  20  1:29  Probe  
  23  1:41  Probe  
  23  1:44  Zealot  
  24  1:50  Warp Gate  
  26  1:58  Probe  
  27  2:08  Gateway  
  26  2:10  Probe, Gateway  
  26  2:13  Zealot  
  29  2:22  Probe  
  30  2:23  Pylon  
  30  2:51  Forge  
  30  2:53  Probe  
  31  2:59  Stalker  
  31  3:00  Pylon  
  31  3:01  Sentry  
  31  3:02  Zealot  
  38  3:05  Probe  
  38  3:22  Protoss Ground Weapons Level 1  
  38  3:23  Nexus  
  38  3:26  Probe  
  39  3:38  Probe  
  39  3:40  Assimilator  
  40  3:49  Pylon  
  40  4:02  Pylon  
  40  4:22  Stalker x2, Zealot  
  46  4:28  Photon Cannon  
  46  4:30  Photon Cannon  
  46  4:31  Gateway  
  46  4:42  Probe x2  
  48  4:54  Probe  
  49  5:03  Probe  
  49  5:06  Probe  
  49  5:15  Probe  
  49  5:17  Stalker x3  
  49  5:18  Probe  
  57  5:27  Probe  
  54  5:32  Probe  
  55  5:38  Zealot, Robotics Facility  
  55  5:39  Probe, Pylon  
  58  5:44  Probe  
  58  5:49  Pylon  
  59  5:52  Assimilator  
  59  5:53  Probe  
  59  5:54  Assimilator  
  59  5:57  Probe  
  61  6:02  Twilight Council  
  61  6:09  Probe x2  
  63  6:15  Pylon  
  63  6:21  Probe  
  63  6:23  Immortal  
  63  6:25  Shield Battery  
  64  6:28  Charge, Shield Battery  
  67  6:47  Zealot  
  67  6:48  Zealot x3  
  67  6:53  Immortal  
  75  6:56  Probe x2  
  82  7:08  Probe x2  
  82  7:12  Pylon  
  82  7:13  Pylon  
  83  7:17  Zealot x4  
  91  7:38  Sentry  
  91  7:39  Sentry x3  
  71  8:02  Immortal  
  65  8:09  Protoss Ground Weapons Level 2  
  65  8:12  Blink  
  55  8:14  Stalker x2  
  55  8:15  Stalker x2  
  59  8:24  Probe x2  
  61  8:34  Immortal  
  65  8:45  Gateway  
  65  8:58  Gateway  
  65  8:59  Gateway  
  65  9:00  Probe  
  65  9:01  Probe  
  65  9:02  Gateway  
  67  9:03  Zealot x3  
  67  9:05  Zealot  
  67  9:06  Pylon  
  75  9:10  Immortal  
  75  9:13  Probe x2  
  73  9:32  Photon Cannon  
  73  9:37  Stalker x3  
  79  9:44  Pylon  
  77  9:46  Immortal  
  77  9:50  Probe x2  
  83  10:02  Probe  
  83  10:04  Probe  
  85  10:21  Observer  
  86  10:34  Robotics Bay  
  86  10:42  Nexus  
  86  10:44  Zealot  
  86  10:45  Zealot x4, Pylon  
  96  11:09  Zealot x5  
  96  11:11  Zealot x3  
  90  11:33  Stalker x6  
  82  11:48  Colossus  
  88  11:56  Sentry x3  
  88  11:57  Sentry  
  88  11:59  Stalker x2  
  100  12:32  Stargate  
  100  12:35  Immortal  
  100  12:41  Assimilator  
  104  12:44  Probe x2  
  106  13:04  Stalker x4  
  106  13:05  Stalker x4  
  91  13:32  Stalker x6  
  91  13:33  Stalker  
  93  13:54  Pylon  
  93  13:58  Probe, Pylon  
  93  14:01  Probe x2  
  96  14:06  Probe  
  96  14:13  Probe x2  
  99  14:25  Probe  
  100  14:46  Zealot  
  100  14:48  Templar Archives, Stalker x3  
  100  14:49  Stalker  
  100  14:50  Stalker x3  
  64  15:09  Stalker  
  64  15:11  Stalker x2  
  57  15:15  Probe  
  57  15:20  Probe  
  59  15:23  Probe  
  59  15:31  Probe x2  
  59  15:35  Probe  
  62  15:45  Psionic Storm  
  62  15:55  High Templar x5  
  72  15:59  High Templar  
  72  16:00  Archon  
  72  16:01  Archon  
  72  16:03  Archon  
  74  16:13  Observer  
  74  16:18  Stalker x2  
  79  16:28  Stalker x4  
  79  16:32  High Templar  
  89  16:45  Protoss Ground Weapons Level 3  
  89  16:52  Assimilator  
  89  17:04  Stalker x3  
  89  17:06  Zealot x3  
  101  17:25  Nexus  
  101  17:30  Pylon  
  101  17:40  Stalker x4  
  101  17:42  High Templar  
  111  17:46  Observer  
  111  17:58  Stalker x2  
  111  17:59  Stalker  
  111  18:04  Observer  
  73  18:57  Zealot x2  
  73  18:58  Zealot x6  
  62  19:19  Stalker x5, Zealot  
  50  19:25  Stalker x3  
  50  19:26  Stalker x2  
  50  19:27  Zealot x3  
  50  19:47  Pylon  
  50  19:48  High Templar x3  
  50  19:49  High Templar x2  
  60  20:00  Archon x2  
  60  20:02  Stalker  
  60  20:03  Stalker x2  
  62  20:25  Zealot x3  
Show
View Real Time Build Order
Export as new Build Order

NutFalcon Zerg - Winner!

Build Orders: Hatch First 

Get SALT Encoding   

  12  0:01  Drone  
  13  0:12  Overlord  
  13  0:17  Drone  
  14  0:30  Drone x2  
  16  0:51  Hatchery  
  16  0:55  Drone  
  16  0:59  Extractor  
  15  1:11  Spawning Pool  
  15  1:15  Drone  
  15  1:43  Hatchery  
  14  1:50  Drone x2  
  16  2:04  Queen  
  18  2:11  Drone  
  19  2:16  Drone  
  19  2:20  Drone  
  21  2:35  Hatchery  
  20  2:45  Drone x2  
  20  2:49  Roach Warren  
  21  2:57  Queen  
  23  3:04  Overlord  
  23  3:22  Drone x3  
  26  3:32  Queen  
  28  3:37  Lair  
  28  3:39  Drone  
  28  3:40  Drone  
  30  3:43  Drone  
  30  3:47  Extractor  
  30  3:53  Zergling x6  
  33  3:57  Roach  
  33  4:00  Drone  
  36  4:03  Roach  
  36  4:08  Roach  
  40  4:12  Overlord  
  40  4:23  Drone  
  40  4:24  Drone  
  42  4:25  Overlord  
  42  4:30  Drone x2  
  44  4:31  Drone  
  45  4:43  Roach x2  
  48  4:53  Roach x3  
  51  5:02  Roach x3  
  55  5:12  Roach  
  55  5:13  Roach  
  57  5:27  Hatchery  
  54  5:44  Glial Reconstitution  
  54  5:48  Overlord x3  
  54  5:56  Overlord  
  54  6:15  Drone x7  
  54  6:16  Drone  
  62  6:32  Roach x4  
  70  6:37  Metabolic Boost  
  70  6:50  Overlord x3  
  70  6:54  Zergling x4  
  72  6:55  Zergling x2  
  73  7:02  Zergling x4  
  73  7:03  Zergling x2  
  76  7:14  Zergling x6  
  76  7:15  Zergling x8  
  83  7:23  Roach x2  
  87  7:37  Zergling x16  
  65  8:03  Roach x2  
  65  8:04  Roach x4  
  62  8:33  Roach x2  
  62  8:34  Roach x4  
  74  8:40  Drone  
  75  8:42  Drone  
  76  8:57  Drone  
  76  8:58  Drone x2  
  79  9:03  Drone x2  
  70  9:24  Roach x3  
  70  9:25  Roach x3  
  70  9:29  Queen  
  76  9:38  Roach x2  
  68  9:51  Roach x4  
  68  9:52  Roach  
  72  9:56  Drone  
  72  9:57  Drone  
  72  9:59  Drone  
  75  10:01  Drone  
  76  10:12  Drone x2  
  78  10:29  Drone x2, Spire  
  78  10:30  Drone  
  78  10:31  Drone x5  
  78  10:33  Extractor  
  78  10:34  Extractor  
  81  10:51  Zergling x16  
  81  10:52  Zergling x4  
  91  11:02  Zergling x12  
  83  11:37  Roach x2  
  83  11:38  Roach x7  
  83  11:39  Roach x6  
  97  12:01  Mutalisk  
  97  12:02  Mutalisk x6  
  109  12:09  Mutalisk x2  
  113  12:18  Overlord  
  113  12:19  Overlord x3  
  113  12:36  Mutalisk x4  
  121  12:45  Drone x4  
  121  12:49  Extractor x2  
  123  12:52  Mutalisk x2  
  101  13:24  Mutalisk x3  
  85  13:27  Zergling x2  
  85  13:28  Zergling x30  
  97  13:37  Mutalisk x2  
  101  13:47  Mutalisk  
  97  13:53  Overlord  
  97  13:56  Mutalisk  
  97  14:01  Zergling x4  
  97  14:02  Zergling x8  
  105  14:07  Mutalisk x2  
  109  14:24  Mutalisk x2  
  107  14:28  Zergling x2  
  107  14:29  Zergling x14  
  119  14:36  Overseer  
  118  14:51  Mutalisk x4  
  93  15:02  Zergling x12  
  85  15:11  Zergling x8  
  81  15:18  Mutalisk  
  81  15:19  Mutalisk  
  83  15:26  Mutalisk  
  85  15:34  Drone x2  
  87  15:35  Drone  
  87  15:36  Drone x2  
  90  15:45  Drone  
  91  16:03  Hydralisk Den  
  90  16:06  Drone x6  
  90  16:07  Drone  
  90  16:08  Overlord x3  
  97  16:32  Hydralisk x8  
  99  16:36  Hydralisk  
  115  16:42  Pneumatized Carapace  
  115  16:43  Mutalisk  
  117  16:48  Mutalisk x2  
  121  17:01  Hydralisk  
  121  17:06  Hatchery, Hydralisk  
  124  17:13  Overseer  
  124  17:17  Grooved Spines  
  124  17:19  Hydralisk x3  
  130  17:31  Hydralisk x3  
  130  17:32  Hydralisk  
  138  17:39  Hydralisk x2  
  142  17:49  Hydralisk x2  
  142  17:50  Hydralisk  
  148  18:07  Mutalisk  
  148  18:08  Hydralisk x4  
  148  18:11  Extractor  
  157  18:15  Extractor  
  156  18:28  Hydralisk x6  
  168  18:36  Hydralisk x2  
  120  18:57  Hydralisk x2  
  120  18:58  Hydralisk x5  
  124  19:14  Hydralisk x5  
  124  19:15  Hydralisk  
  118  19:26  Hydralisk x3  
  118  19:29  Hydralisk  
  110  20:03  Hydralisk x9  
Tags
 
Add a new tag
Caveats
  • Supply blocks, unpowered buildings, or Contaminate may cause inaccurate times.
  • Supply counts are checked every 10 seconds.